 Dungeon Crawl Stone Soup version 0.18.1-50-g88ac8fd (webtiles) character file.

90 Ladykiller69 the Cudgeler (level 4, 0/45 HPs)
             Began as an Ogre Gladiator on Oct 23, 2016.
             Slain by a white imp (2 damage)
             ... summoned by Natasha
             ... on level 2 of the Dungeon.
             The game lasted 00:04:16 (1914 turns).

Ladykiller69 the Cudgeler (Ogre Gladiator)          Turns: 1914, Time: 00:04:17

Health: 0/45       AC:  3    Str: 20    XL:     4   Next: 56%
Magic:  4/4        EV: 10    Int:  7    God:
Gold:   107        SH:  0    Dex: 11    Spells: 0 memorised, 3 levels left

rFire  . . .     SeeInvis .     a - +0 flail
rCold  . . .     Gourm    .     b - +0 robe
rNeg   . . .     Faith    .     (no shield)
rPois  .         Spirit   .     c - +0 hat
rElec  .         Dismiss  .     (no cloak)
rCorr  .         Reflect  .     (gloves unavailable)
SustAt .         Harm     .     (boots unavailable)
MR     .....                    (no amulet)
Stlth  +.........               (no ring)
                                (no ring)

@: slowed, very slow, not resistant to hostile enchantments, very unstealthy
A: unfitting armour, tough skin 1
a: no special abilities


You were on level 2 of the Dungeon.
You were not hungry.

You visited 1 branch of the dungeon, and saw 2 of its levels.

You collected 107 gold pieces.

Inventory:

Hand Weapons
 a - a +0 flail (weapon)
Missiles
 d - 3 throwing nets (quivered)
Armour
 b - a +0 robe (worn)
 c - a +0 hat (worn)
Jewellery
 r - an uncursed amulet of regeneration {unknown}
Scrolls
 i - a scroll of recharging {unknown}
 j - a scroll of noise {unknown}
 k - a scroll of identify {unknown}
 l - a scroll of enchant weapon {unknown}
 n - 2 scrolls of magic mapping {unknown}
 p - 3 scrolls of teleportation {unknown}
Potions
 e - 2 potions of degeneration {unknown}
 g - 2 potions of curing {unknown}
 m - a potion of brilliance {unknown}
 o - a potion of agility {unknown}
Comestibles
 f - a bread ration
 h - a royal jelly


   Skills:
 - Level 3.0 Fighting
 * Level 5.7 Maces & Flails
 + Level 2.7 Throwing
 - Level 3.1 Dodging


You had 3 spell levels left.
You didn't know any spells.

Dungeon Overview and Level Annotations

Branches:
Dungeon (2/15)

Altars:
Gozag

Annotations:
D:2 Natasha


Innate Abilities, Weirdness & Mutations

You are too large for most types of armour.
You have tough skin (AC +1).


Message History

Natasha is severely wounded.
Natasha closely misses you. The white imp hits you. The white imp freezes you.
You hit Natasha.
Natasha is almost dead.
Natasha claws you. The white imp hits you. The white imp freezes you.
* * * LOW HITPOINT WARNING * * *
Natasha stares at you and mumbles some strange words.
You feel yourself slow down.
You closely miss Natasha.
Natasha is almost dead.
The white imp barely misses you.
Natasha stares at you and mumbles some strange words.
The magic dart hits you!
* * * LOW HITPOINT WARNING * * *
The white imp closely misses you.
All of the chunks of flesh in your inventory have rotted away.
You barely miss Natasha.
Natasha is almost dead.
Natasha closely misses you. The white imp hits you.
You die...

## #. #. #.
#################
#.
#.........<...@h#
##.
#.#####.#####.#5#
###.####.. #.# #.#
#.#.# .#.........
#(#####.#
#.#.####.#.#.####..
###.......#
#.#.##... ##.##.
....)####.#
#.#.##.#######.#.#.
####.####.#
#.#...........###..
#.#....#
#.####.#######.#.##
#.#.##.# #.# #.#
##.##


You could see Natasha and a white imp.

Vanquished Creatures
  Natasha (D:2)
  2 adders (D:2)
  3 worms (D:2)
  A giant gecko (D:2)
  4 giant cockroaches
  4 goblins
  8 hobgoblins
  A ball python (D:1)
  3 bats
  5 kobolds
  8 rats
40 creatures vanquished.

Notes
Turn   | Place    | Note
--------------------------------------------------------------
     0 | D:1      | Ladykiller69 the Ogre Gladiator began the quest for the Orb.
     0 | D:1      | Reached XP level 1. HP: 22/22 MP: 1/1
   297 | D:2      | Reached XP level 2. HP: 9/29 MP: 2/2
  1044 | D:2      | Reached XP level 3. HP: 34/36 MP: 3/3
  1225 | D:2      | Found an opulent altar of Gozag.
  1357 | D:2      | Noticed Natasha
  1362 | D:2      | Reached skill level 5 in Maces & Flails
  1448 | D:2      | Reached XP level 4. HP: 35/45 MP: 4/4
  1709 | D:2      | Killed Natasha
  1902 | D:2      | Noticed Natasha
  1913 | D:2      | HP: 1/45 [Natasha/magic dart (10)]
  1914 | D:2      | Slain by a white imp

Skill      XL: |  1  2  3 |
---------------+----------+-----
Dodging        | 3 |  3.1
Fighting       | 3 |  3.0
Maces & Flails | 5 |  5.7
Throwing       | |  2.7

Action                   |  1- 3 |  4- 6 || total
-------------------------+-------+-------++-------
Melee: Flail             |    91 |    26 ||   117
  Eat: Chunk             |     2 |     1 ||     3
Armor: Robe              |    15 |     5 ||    20
Dodge: Dodged            |    53 |    19 ||    72
